[Event "Team 45 45 League T56"]
[Site "Internet Chess Club"]
[Date "2013.03.22"]
[Round "5"]
[White "lacibacsi"]
[Black "RedAttack"]
[Result "0-1"]
[WhiteElo "2000"]
[BlackElo "1872"]
[Opening "Ruy Lopez: old Steinitz defense"]
[ECO "C62"]
[Time "17:00:33"]
[TimeControl "2700+45"]

1. e4 Nc6 2. Nf3 e5 3. Bb5 d6 4. d4 exd4 5. Nxd4 Bd7 6. Bxc6 bxc6 7. O-O c5 8.
Nf3 Ne7 9. Bg5 h6 10. Bh4 g5 11. Bg3 Bg7 12. Nc3 O-O 13. e5 dxe5 14. Bxe5 f6 15.
Bg3 Rb8 16. Rb1 g4 17. Nd2 f5 18. Qe2 Bxc3 19. Qc4+ Kh7 20. Qxc3 Ng6 21. Be5 Bb5
22. Rfe1 Re8 23. Nb3 c4 24. Rbd1 Qe7 25. Bd4 Qf7 26. Nd2 Nf4 27. Be5 Nd5 28. Qd4
Nb4 29. Qc3 Nc6 30. f4 Rbd8 31. Nf1 Rxd1 32. Rxd1 Nxe5 33. fxe5 Qe6 34. Re1 Bc6
35. Qd4 Qd5 36. Qxd5 Bxd5 37. c3 Kg6 38. Kf2 f4 39. g3 Kf5 40. gxf4 Kxf4 41. Ne3
Rxe5 42. Nxd5+ Rxd5 43. Re2 h5 44. Kg2 c5 45. Kf2 h4 46. Ke1 g3 47. hxg3+ hxg3
48. Re7 Re5+ 49. Rxe5 Kxe5 50. b3 cxb3 51. axb3 a5 {White resigns} 0-1

[Event "Team 45 45 League T56"]
[Site "Internet Chess Club"]
[Date "2013.03.23"]
[Round "5"]
[White "frank001"]
[Black "Altairus"]
[Result "1-0"]
[WhiteElo "1813"]
[BlackElo "1654"]
[Opening "Nimzo-Indian: 4.e3 c5, 5.Ne2 (Rubinstein, anti-Hübner system)"]
[ECO "E42"]
[Time "23:10:21"]
[TimeControl "2700+45"]

1. d4 Nf6 2. c4 e6 3. Nc3 Bb4 4. e3 c5 5. Ne2 O-O 6. a3 cxd4 7. exd4 Bxc3+ 8.
Nxc3 d5 9. c5 b6 10. b4 a5 11. Bb2 axb4 12. axb4 Rxa1 13. Bxa1 bxc5 14. dxc5 Nc6
15. b5 Nb4 16. Bd3 Nxd3+ 17. Qxd3 Qa5 18. O-O Qa3 19. c6 d4 20. Qxd4 Qe7 21. Ne4
e5 22. Nxf6+ Qxf6 23. Qxe5 Qxe5 24. Bxe5 f6 25. Bg3 Rf7 26. Ra1 Re7 27. f3 Kf7
28. b6 {Black resigns} 1-0

[Event "Team 45 45 League T56"]
[Site "Internet Chess Club"]
[Date "2013.03.21"]
[Round "5"]
[White "fireball"]
[Black "Portola"]
[Result "1/2-1/2"]
[WhiteElo "1737"]
[BlackElo "1832"]
[Opening "French: King's Indian attack"]
[ECO "C00"]
[Time "19:32:13"]
[TimeControl "2700+45"]

1. e4 e6 2. d3 d5 3. Qe2 Nf6 4. e5 Nfd7 5. d4 c5 6. c3 Nc6 7. Nf3 Be7 8. g3 O-O
9. h4 b6 10. Bh3 a5 11. Be3 Ba6 12. Qd2 cxd4 13. Bxd4 Qc7 14. Qe3 Nxd4 15. cxd4
Qc2 16. Qd2 Rac8 17. Nc3 Qxd2+ 18. Kxd2 Rc6 19. Bf1 Bxf1 20. Rhxf1 Rfc8 21. a3
Rc4 22. Rac1 f6 23. Ne2 fxe5 24. Nxe5 Rxc1 25. Rxc1 Rxc1 26. Nxc1 Nxe5 27. dxe5
Bc5 28. Nd3 Bd4 29. b4 axb4 30. axb4 Kf7 31. b5 Kg6 32. g4 Kf7 33. f4 g6 34. h5
gxh5 35. gxh5 Kg7 36. Nb4 Bc5 37. Na6 Bg1 38. Nc7 Kf7 39. Ke2 Bh2 40. Kf3 Bg1
41. Na6 Bd4 42. Nc7 h6 43. Na6 Ke7 44. Nb4 Bc3 45. Nc6+ Kf7 46. Nd8+ Ke7 47. Nb7
Bb4 48. Kg4 d4 49. Kf3 d3 50. Nd6 Bxd6 51. exd6+ Kxd6 52. Ke3 d2 53. Kxd2 Kc5
54. Kd3 Kxb5 55. Ke4 Kc6 56. f5 exf5+ 57. Kxf5 b5 58. Kg6 b4 59. Kxh6 b3 60. Kg7
b2 61. h6 b1=Q 62. h7 Qg1+ 63. Kh8 Qd4+ 64. Kg8 Qd8+ 65. Kg7 Qg5+ 66. Kh8 Qf6+
67. Kg8 Qg6+ 68. Kh8 Qe8+ 69. Kg7 {Game drawn by mutual agreement} 1/2-1/2

[Event "Team 45 45 League T56"]
[Site "Internet Chess Club"]
[Date "2013.03.24"]
[Round "5"]
[White "Juan73"]
[Black "Insan996"]
[Result "1-0"]
[WhiteElo "1659"]
[BlackElo "1623"]
[Opening "Sicilian: closed, 2...Nc6"]
[ECO "B23"]
[Time "21:00:50"]
[TimeControl "2700+45"]

1. e4 c5 2. Nc3 Nc6 3. Nf3 e5 4. Bc4 Be7 5. d3 d6 6. Be3 Nf6 7. Qd2 O-O 8. h3 h6
9. g4 Qa5 10. g5 hxg5 11. Bxg5 Nd4 12. Nxd4 cxd4 13. Ne2 Qxd2+ 14. Bxd2 Nh5 15.
O-O-O Bh4 16. f4 Be6 17. b3 a6 18. f5 Bxc4 19. bxc4 b5 20. c3 dxc3 21. Nxc3 bxc4
22. Kc2 cxd3+ 23. Kxd3 Nf6 24. Rhg1 Bf2 25. Rg2 Bd4 26. Rb1 Nd7 27. Nd5 Nc5+ 28.
Ke2 Nxe4 29. Rg4 Nc5 30. Ne7+ Kh8 31. Rh4# {Black checkmated} 1-0

[Event "Team 45 45 League T56"]
[Site "Internet Chess Club"]
[Date "2013.03.24"]
[Round "5"]
[White "BigH"]
[Black "Muravey"]
[Result "0-1"]
[WhiteElo "2098"]
[BlackElo "2017"]
[Opening "English opening"]
[ECO "A20"]
[Time "12:15:36"]
[TimeControl "2700+45"]

1. c4 e5 2. g3 Nf6 3. Bg2 d5 4. cxd5 Nxd5 5. Nc3 Nxc3 6. bxc3 Nc6 7. d3 Be7 8.
Nf3 O-O 9. O-O Be6 10. Qc2 Rb8 11. a4 Qd7 12. Nd2 Rfd8 13. Bb2 Na5 14. Rfd1 Bg5
15. c4 Bxd2 16. Rxd2 Nxc4 17. Rdd1 Nxb2 18. Qxb2 Qd6 19. Rdc1 c5 20. a5 Rdc8 21.
Qa3 b5 22. axb6 axb6 23. Rab1 b5 24. Qa5 b4 25. Rc2 b3 26. Rc3 Qd4 27. e3 Qb4
28. Qxb4 Rxb4 29. Bf3 b2 30. Rc2 Rcb8 {White resigns} 0-1

[Event "Team 45 45 League T56"]
[Site "Internet Chess Club"]
[Date "2013.03.27"]
[Round "5"]
[White "ghostfire"]
[Black "zap2"]
[Result "0-1"]
[WhiteElo "1684"]
[BlackElo "1789"]
[Opening "Caro-Kann: exchange variation"]
[ECO "B13"]
[Time "16:01:23"]
[TimeControl "2700+45"]

1. e4 c6 2. d4 d5 3. exd5 cxd5 4. Bd3 Nc6 5. c3 Nf6 6. h3 e5 7. dxe5 Nxe5 8. Qe2
Qe7 9. Bb5+ Bd7 10. Bxd7+ Nfxd7 11. Be3 g6 12. Nf3 Bg7 13. O-O O-O 14. Nbd2 b6
15. Nxe5 Nxe5 16. Rfe1 Rfe8 17. Nf3 Nc4 18. Qc2 Qe4 19. Qb3 Nxe3 20. Rxe3 Qc4
21. Qxc4 dxc4 22. Rae1 Kf8 23. Ng5 Rxe3 24. Rxe3 h6 25. Nf3 Rd8 26. Re2 b5 27.
Ne5 a6 28. Nc6 Rd6 29. Nb4 a5 30. Nc2 Rb6 31. Ne3 Rd6 32. Kf1 f5 33. Ke1 f4 34.
Nc2 Kf7 35. Re4 g5 36. g3 fxg3 37. fxg3 Re6 38. Rxe6 Kxe6 39. Nd4+ Bxd4 40. cxd4
Kd5 41. Kd2 Kxd4 42. h4 gxh4 43. gxh4 h5 44. Ke2 Ke4 45. Kd2 b4 46. a3 Kf4 47.
axb4 axb4 {White resigns} 0-1

[Event "Team 45 45 League T56"]
[Site "Internet Chess Club"]
[Date "2013.03.21"]
[Round "5"]
[White "latayvia"]
[Black "Frankly"]
[Result "1-0"]
[WhiteElo "1848"]
[BlackElo "1876"]
[Opening "King's Indian: 5.Nf3"]
[ECO "E90"]
[Time "09:00:24"]
[TimeControl "2700+45"]

1. d4 Nf6 2. Nf3 g6 3. c4 Bg7 4. Nc3 d6 5. e4 O-O 6. h3 Nbd7 7. Bg5 c5 8. d5 Qa5
9. Bd2 Qc7 10. Be2 Ne8 11. O-O Ne5 12. Rb1 f5 13. Ng5 Nf6 14. f4 Nf7 15. Ne6
Bxe6 16. dxe6 Nh6 17. Nd5 Qd8 18. e5 Nxd5 19. cxd5 dxe5 20. fxe5 Qxd5 21. Bxh6
Qxd1 22. Rbxd1 Bxh6 23. Rd7 Rad8 24. Rfd1 Be3+ 25. Kf1 Bd4 26. Rxe7 Bxe5 27.
Rxb7 Rxd1+ 28. Bxd1 c4 29. Ba4 Bd6 30. e7 Bxe7 31. Rxe7 Rb8 32. Re8+ Rxe8 33.
Bxe8 a6 34. Bc6 Kg7 35. Bd5 {Black resigns} 1-0

[Event "Team 45 45 League T56"]
[Site "Internet Chess Club"]
[Date "2013.03.23"]
[Round "5"]
[White "Electryon"]
[Black "evan7284"]
[Result "1-0"]
[WhiteElo "1474"]
[BlackElo "1654"]
[Opening "Queen's pawn game"]
[ECO "D02"]
[Time "09:01:05"]
[TimeControl "2700+45"]

1. d4 d5 2. Nf3 e6 3. e3 f5 4. g3 c6 5. Bg2 Nf6 6. O-O Bd6 7. b3 Nbd7 8. c4 O-O
9. Ba3 Bxa3 10. Nxa3 Ne4 11. Nc2 Qf6 12. Nce1 b6 13. Nd3 Bb7 14. Nfe5 Nxe5 15.
Nxe5 Qh6 16. Qe2 c5 17. Bxe4 fxe4 18. dxc5 bxc5 19. cxd5 exd5 20. Qb5 Ba6 21.
Qxc5 Bxf1 22. Qxd5+ Kh8 23. Nf7+ Rxf7 {Black resigns} 1-0

[Event "Team 45 45 League T56"]
[Site "Internet Chess Club"]
[Date "2013.03.24"]
[Round "5"]
[White "DutchBird"]
[Black "fishhead"]
[Result "1/2-1/2"]
[WhiteElo "1550"]
[BlackElo "1784"]
[Opening "Sicilian: Alapin's variation (2.c3)"]
[ECO "B22"]
[Time "16:00:45"]
[TimeControl "2700+45"]

1. e4 c5 2. c3 d6 3. d4 Nf6 4. Bd3 Qc7 5. Nf3 e5 6. O-O Be7 7. Na3 a6 8. Nc4
Nbd7 9. dxe5 dxe5 10. a4 b6 11. Bg5 Bb7 12. Re1 O-O 13. Bxf6 Bxf6 14. Ne3 Rfe8
15. Nd5 Qc6 16. Qb3 Bd8 17. Bc4 Nf6 18. Rad1 Nxd5 19. Bxd5 Qc7 20. Bxb7 Qxb7 21.
Qd5 Qxd5 22. Rxd5 f6 23. Red1 Be7 24. Rd7 b5 25. Rb7 bxa4 26. Rdd7 Red8 27.
Rxd8+ Rxd8 28. Kf1 Kf7 29. Ke2 g5 30. Nd2 Ke6 31. Rb6+ Rd6 32. Nc4 Rxb6 33. Nxb6
Kd6 34. Nxa4 Kc6 35. c4 Bd8 36. Nc3 Kd6 37. Nd5 Ke6 38. g4 Kf7 39. Kd3 Ba5 40.
Kc2 Ke6 41. Kb3 Bd8 42. h3 Kd6 {Game drawn by mutual agreement} 1/2-1/2

[Event "Team 45 45 League T56"]
[Site "Internet Chess Club"]
[Date "2013.03.26"]
[Round "5"]
[White "chrisgianno"]
[Black "mellizas2003"]
[Result "1-0"]
[WhiteElo "1680"]
[BlackElo "1628"]
[Opening "Torre attack (Tartakower variation)"]
[ECO "D03"]
[Time "10:47:17"]
[TimeControl "2700+45"]

1. d4 d5 2. Nf3 Nf6 3. Bg5 e6 4. e3 c5 5. c3 c4 6. Be2 Be7 7. O-O O-O 8. Nbd2
Nbd7 9. Qc2 Qc7 10. e4 Bd8 11. e5 Ne8 12. Bxd8 Qxd8 13. Nxc4 dxc4 14. Bxc4 Nb6
15. Bd3 g6 16. Nd2 Nc7 17. f4 Ncd5 18. Rf3 Bd7 19. Raf1 Bc6 20. Rg3 Ne7 21. f5
exf5 22. Bxf5 Nxf5 23. Rxf5 Re8 24. Nf1 Kh8 25. Rxf7 Re6 26. h4 Kg8 27. Rf4 Nd5
28. Rfg4 Be8 29. h5 Ne7 30. Ne3 Rc8 31. Nf5 Nxf5 32. Qxf5 Qb6 33. Kh2 Bf7 34. d5
Kh8 35. Qxf7 Rxe5 36. hxg6 Rh5+ 37. Rh3 Rxh3+ 38. Kxh3 Qe3+ 39. g3 Rg8 40. Qxh7#
{Black checkmated} 1-0

[Event "Team 45 45 League T56"]
[Site "Internet Chess Club"]
[Date "2013.03.26"]
[Round "5"]
[White "Egmont"]
[Black "jps7"]
[Result "1-0"]
[WhiteElo "1728"]
[BlackElo "1717"]
[Opening "Queen's pawn, Mason variation"]
[ECO "D00"]
[Time "13:00:07"]
[TimeControl "2700+45"]

1. d4 d5 2. Bf4 Nf6 3. e3 e6 4. Nf3 c6 5. c3 Qb6 6. Qb3 Qd8 7. Be2 Nbd7 8. Nbd2
c5 9. c4 b6 10. cxd5 exd5 11. h3 c4 12. Qc2 b5 13. O-O Nh5 14. Bh2 Nhf6 15. a4
b4 16. e4 Bb7 17. e5 b3 18. Nxb3 cxb3 19. Qxb3 Ne4 20. Qxb7 Rb8 21. Qxd5 Ng5 22.
Nxg5 Qxg5 23. Bc4 Qg6 24. e6 fxe6 25. Rfe1 Be7 26. Rxe6 Nf6 27. Qc6+ Kf8 28.
Bxb8 Qe8 {Black resigns} 1-0

[Event "Team 45 45 League T56"]
[Site "Internet Chess Club"]
[Date "2013.03.23"]
[Round "5"]
[White "fledermaus"]
[Black "daniguti"]
[Result "1/2-1/2"]
[WhiteElo "1932"]
[BlackElo "1917"]
[Opening "Bogo-Indian defense, Nimzovich variation"]
[ECO "E11"]
[Time "13:00:16"]
[TimeControl "2700+45"]

1. d4 Nf6 2. c4 e6 3. Nf3 Bb4+ 4. Bd2 Qe7 5. g3 Nc6 6. Bg2 Bxd2+ 7. Nbxd2 O-O 8.
e4 d6 9. O-O e5 10. d5 Nb8 11. Ne1 a5 12. Nd3 Bg4 13. f3 Bd7 14. Qc2 Na6 15. b3
c6 16. Rac1 cxd5 17. cxd5 Rac8 18. Qb1 Nc7 19. Nc4 Nb5 20. Nb6 Rxc1 21. Qxc1 Nd4
22. Qa3 Bb5 23. Nc4 Qc7 24. Ndb2 b6 25. Rf2 Rd8 26. Bf1 h6 27. Nd1 Nh7 28. Kg2
Nf8 29. Nde3 Ng6 30. Nc2 Bxc4 31. Bxc4 Qc5 {Game drawn by mutual agreement}
1/2-1/2

[Event "Team 45 45 League T56"]
[Site "Internet Chess Club"]
[Date "2013.03.21"]
[Round "5"]
[White "jjimalo"]
[Black "SaltofLife"]
[Result "1/2-1/2"]
[WhiteElo "1890"]
[BlackElo "1934"]
[Opening "Bogo-Indian defense, Nimzovich variation"]
[ECO "E11"]
[Time "15:00:51"]
[TimeControl "2700+45"]

1. d4 Nf6 2. Nf3 e6 3. c4 Bb4+ 4. Bd2 Qe7 5. Qb3 Nc6 6. a3 Bxd2+ 7. Nbxd2 O-O 8.
g3 d6 9. Bg2 e5 10. d5 Nb8 11. O-O a5 12. h3 Nbd7 13. Qc2 a4 14. e4 Nc5 15. Ne1
Re8 16. Nd3 b6 17. Nxc5 bxc5 18. b4 axb3 19. Nxb3 Bd7 20. Qc3 Reb8 21. Rfb1 Rb6
22. Nd2 Rab8 23. Rxb6 Rxb6 24. a4 Qd8 25. a5 Rb4 26. a6 Qa8 27. a7 Ba4 28. f4
Nd7 29. Nf3 f6 30. Ne1 Nb6 31. Nd3 Rb3 32. Qc2 Ra3 33. Qb2 Rxa1+ 34. Qxa1 Qxa7
35. fxe5 fxe5 36. Nb2 Qa5 37. Nxa4 Nxa4 38. Qf1 Qa8 39. Qf5 Nc3 40. Qe6+ Kh8 41.
Qf7 h6 42. Qxc7 Qa1+ {Game drawn by mutual agreement} 1/2-1/2

[Event "Team 45 45 League T56"]
[Site "Internet Chess Club"]
[Date "2013.03.22"]
[Round "5"]
[White "fishhead"]
[Black "room-matt"]
[Result "1-0"]
[WhiteElo "1853"]
[BlackElo "1755"]
[Opening "Ruy Lopez: Bird's defense"]
[ECO "C61"]
[Time "16:09:12"]
[TimeControl "2700+45"]

1. e4 e5 2. Nf3 Nc6 3. Bb5 Nd4 4. Nxd4 exd4 5. O-O Bc5 6. d3 c6 7. Bc4 Nf6 8.
Bg5 d6 9. Nd2 O-O 10. h3 Be6 11. f4 Bxc4 12. Nxc4 h6 13. Bh4 b5 14. Nd2 Re8 15.
g4 Re6 16. f5 Re8 17. Nf3 a5 18. Qd2 Kf8 19. g5 hxg5 20. Qxg5 a4 21. Kh1 Nxe4
22. Qh5 f6 23. dxe4 Rxe4 24. Rg1 {Black resigns} 1-0

[Event "Team 45 45 League T56"]
[Site "Internet Chess Club"]
[Date "2013.03.23"]
[Round "5"]
[White "DARKwizard1"]
[Black "nurmi"]
[Result "1-0"]
[WhiteElo "2012"]
[BlackElo "1939"]
[Opening "Grünfeld: modern exchange variation"]
[ECO "D85"]
[Time "12:07:03"]
[TimeControl "2700+45"]

1. d4 Nf6 2. c4 g6 3. Nc3 d5 4. cxd5 Nxd5 5. e4 Nxc3 6. bxc3 Bg7 7. Nf3 c5 8.
Bb5+ Bd7 9. Bxd7+ Nxd7 10. O-O O-O 11. Rb1 Qc7 12. Qb3 Rab8 13. g3 e5 14. Rd1 b5
15. Be3 c4 16. Qc2 f5 17. exf5 gxf5 18. dxe5 Nxe5 19. Nd4 a6 20. Bf4 Rbe8 21. a4
Qa5 22. axb5 axb5 23. Bxe5 Rxe5 24. Nc6 Qc7 25. Nxe5 Qxe5 26. Rd7 f4 27. Rb7
fxg3 28. hxg3 Qxc3 29. Qxc3 Bxc3 30. R1xb5 Bd4 31. Rg5+ Kh8 32. Rc7 c3 33. Rc4
Bxf2+ 34. Kg2 Be3 35. Rh5 Bd2 36. Rc7 h6 37. Rd5 Re8 38. Kh3 Kg8 39. Rd6 Kh8 40.
Kh4 Kg8 41. Kh5 Re5+ 42. Kg6 Re8 43. Rdc6 Kf8 44. Rf7+ Kg8 45. g4 Bg5 46. Rfc7
Bd2 47. Rc8 Kf8 48. Rf6+ Ke7 49. Rf7+ {Black resigns} 1-0

[Event "Team 45 45 League T56"]
[Site "Internet Chess Club"]
[Date "2013.03.22"]
[Round "5"]
[White "poni"]
[Black "Otelo"]
[Result "1-0"]
[WhiteElo "1907"]
[BlackElo "1728"]
[Opening "Réti: King's Indian attack"]
[ECO "A05"]
[Time "15:00:44"]
[TimeControl "2700+45"]

1. Nf3 Nf6 2. g3 g6 3. Bg2 Bg7 4. O-O O-O 5. d4 d6 6. Nc3 c6 7. e4 Bg4 8. h3 Bd7
9. e5 dxe5 10. dxe5 Ne8 11. Qe2 Qc8 12. Kh2 Nc7 13. Rd1 e6 14. Ne4 Nd5 15. c4
Nb6 16. Bg5 h6 17. Be7 Re8 18. Nd6 Qc7 19. Nxe8 Bxe8 20. Bd6 Qc8 21. Bb4 N8d7
22. Rac1 c5 23. Bc3 Qc7 24. b3 Rc8 25. Re1 Nb8 26. Nd2 Nc6 27. f4 a5 28. Ne4 a4
29. Nxc5 axb3 30. axb3 Ra8 31. Ra1 Rxa1 32. Rxa1 Ne7 33. Nxb7 Bc6 34. Nd6 Bxg2
35. Qxg2 Nbd5 36. Ba5 Nb6 37. Qf2 {Black resigns} 1-0

[Event "Team 45 45 League T56"]
[Site "Internet Chess Club"]
[Date "2013.03.26"]
[Round "5"]
[White "pkktet"]
[Black "Tobiasdelmonte"]
[Result "0-1"]
[WhiteElo "1804"]
[BlackElo "1926"]
[Opening "Alekhine's defense: two pawns' (Lasker's) attack"]
[ECO "B02"]
[Time "12:00:12"]
[TimeControl "2700+45"]

1. e4 Nf6 2. e5 Nd5 3. c4 Nb6 4. c5 Nd5 5. Nc3 e6 6. Nxd5 exd5 7. d4 b6 8. cxb6
axb6 9. Nf3 Be7 10. Bd3 O-O 11. O-O d6 12. Re1 Bg4 13. exd6 Bxd6 14. Bxh7+ Kxh7
15. Ng5+ Qxg5 16. Bxg5 Bxd1 17. Raxd1 {White resigns} 0-1

[Event "Team 45 45 League T56"]
[Site "Internet Chess Club"]
[Date "2013.03.25"]
[Round "5"]
[White "BigH"]
[Black "przechrzczony"]
[Result "1/2-1/2"]
[WhiteElo "2096"]
[BlackElo "2067"]
[Opening "Queen's pawn game"]
[ECO "D02"]
[Time "09:54:10"]
[TimeControl "2700+45"]

1. Nf3 d5 2. d4 e6 3. c4 c6 4. Qc2 dxc4 5. Qxc4 Nf6 6. g3 b5 7. Qd3 Bb7 8. Bg2
Nbd7 9. O-O a6 10. a4 c5 11. Bg5 Qb6 12. Nc3 b4 13. a5 Qc7 14. Na4 c4 15. Qc2
Be4 16. Qd2 Qxa5 17. Nc5 Qb6 18. Nxe4 Nxe4 19. Qf4 f5 20. Ne5 Qxd4 21. Nxd7 Qxd7
22. Bxe4 fxe4 23. Qxe4 Qd5 24. Qxd5 exd5 25. Rfd1 h6 26. Be3 Be7 27. Rxd5 Bf6
28. Bd4 O-O 29. Bxf6 gxf6 30. Rc5 Rfc8 31. Rxc8+ Rxc8 32. Rxa6 c3 33. bxc3 bxc3
34. Ra1 Kf7 35. Kf1 Ke6 36. Ke1 Ke5 37. Kd1 Rd8+ 38. Kc2 Rd2+ 39. Kxc3 Rxe2 40.
Ra5+ Ke6 41. Rh5 Rxf2 42. Rxh6 Kf7 43. Kd3 Ra2 44. Ke3 Kg7 45. Rh4 f5 46. Kf3
Kg6 47. Rh8 Kg7 {Game drawn by mutual agreement} 1/2-1/2

[Event "Team 45 45 League T56"]
[Site "Internet Chess Club"]
[Date "2013.03.24"]
[Round "5"]
[White "O00O"]
[Black "TerryMalloy"]
[Result "1/2-1/2"]
[WhiteElo "1937"]
[BlackElo "2040"]
[Opening "Dutch: Staunton gambit, Lasker variation"]
[ECO "A83"]
[Time "09:05:54"]
[TimeControl "2700+45"]

1. d4 f5 2. e4 fxe4 3. Nc3 Nf6 4. Bg5 g6 5. f3 exf3 6. Nxf3 Bg7 7. Bd3 d5 8. O-O
Bg4 9. Qe1 O-O 10. Ne5 Bd7 11. Qh4 Nc6 12. a3 Be8 13. Rf3 Ne4 14. Nxc6 bxc6 15.
Bxe7 Rxf3 16. Nxe4 Qd7 17. Nf6+ Rxf6 18. Bxf6 Bxf6 19. Qxf6 Qg7 20. Qe6+ Bf7 21.
Qg4 c5 22. c3 c4 23. Be2 Rb8 24. Bf3 Rxb2 25. Qc8+ Qf8 26. Qxc7 Qb8 27. Qa5 Rb1+
28. Rxb1 Qxb1+ 29. Kf2 Qb2+ 30. Kg3 Qb8+ 31. Kf2 Qb2+ 32. Kg3 Qb8+ 33. Kf2 Qb2+
{Game drawn by repetition} 1/2-1/2

[Event "Team 45 45 League T56"]
[Site "Internet Chess Club"]
[Date "2013.03.24"]
[Round "5"]
[White "MeWantCookie"]
[Black "chess09"]
[Result "1-0"]
[WhiteElo "2066"]
[BlackElo "1910"]
[Opening "Queen's pawn game"]
[ECO "D05"]
[Time "12:02:30"]
[TimeControl "2700+45"]

1. d4 d5 2. Nf3 Nf6 3. e3 e6 4. Bd3 Bd6 5. O-O O-O 6. Nbd2 Nbd7 7. b3 a6 8. Bb2
b5 9. Ne5 Bb7 10. f4 Rc8 11. c4 dxc4 12. bxc4 bxc4 13. Ndxc4 Rb8 14. Qc2 h6 15.
e4 Nb6 16. Na5 Bxe5 17. fxe5 Nfd7 18. Nxb7 Rxb7 19. Bxa6 Ra7 20. Bb5 Qb8 21. a4
Rc8 22. Qf2 Rf8 23. Ba3 Rd8 24. Be7 Rc8 25. a5 c6 26. Qxf7+ Kh8 27. Bd6 Qa8 28.
Bd3 Nxe5 29. Qxa7 Qxa7 30. axb6 Qxb6 31. Bxe5 c5 32. Rfb1 Qc6 33. Ra7 Rg8 34.
Rbb7 cxd4 35. Bxg7+ Rxg7 36. Rxg7 Qc1+ 37. Bf1 d3 38. Rh7+ Kg8 39. Rag7+ Kf8 40.
Rc7 Qe3+ 41. Kh1 Kg8 42. Rhd7 Qf4 43. Rd8+ Qf8 44. Rxf8+ Kxf8 45. Rd7 Ke8 46.
Rxd3 Ke7 47. Rf3 Kd6 48. Rf6 h5 49. Be2 Ke5 50. Rh6 Kxe4 51. Rxe6+ Kf4 52. Bxh5
Kg5 53. Rg6+ Kxh5 54. Rg3 Kh4 55. Kg1 Kh5 56. Kf2 Kh4 57. Rg8 Kh5 58. Kg3 Kh6
59. Kg4 Kh7 60. Rf8 Kg7 61. Rf3 Kg6 62. h4 Kh6 63. Rf6+ Kg7 64. Kg5 Kh7 65. Rf7+
Kg8 66. Kg6 Kh8 67. Rf8# {Black checkmated} 1-0

[Event "Team 45 45 League T56"]
[Site "Internet Chess Club"]
[Date "2013.03.25"]
[Round "5"]
[White "typhoon"]
[Black "Dracoac"]
[Result "1-0"]
[WhiteElo "1645"]
[BlackElo "1741"]
[Opening "Grünfeld: exchange, Spassky variation"]
[ECO "D87"]
[Time "21:21:31"]
[TimeControl "2700+45"]

1. d4 Nf6 2. c4 g6 3. Nc3 d5 4. cxd5 Nxd5 5. e4 Nxc3 6. bxc3 Bg7 7. Bc4 c5 8.
Ne2 O-O 9. O-O Nc6 10. Be3 Qc7 11. Qd2 Rd8 12. Rfd1 cxd4 13. cxd4 Nxd4 14. Rac1
Nf3+ 15. gxf3 Rxd2 16. Rxd2 Be6 17. Bxe6 Qa5 18. Rc5 Qb4 19. Bc8 Bd4 20. Rxd4
Qa3 21. Rd8+ Kg7 22. Bd4+ f6 23. Kg2 b6 24. Rc7 Kh6 25. h4 Qxa2 26. Ng3 Qe6 27.
Be3+ g5 28. Nf5+ Kg6 29. h5+ Kxh5 30. Ng7+ Kh4 31. Nxe6 a5 32. Rxe7 h6 33. Rh8
Kh5 34. Reh7 Kg6 35. Rxh6+ Kf7 36. R6h7+ Kg6 37. Rg7# {Black checkmated} 1-0

[Event "Team 45 45 League T56"]
[Site "Internet Chess Club"]
[Date "2013.03.24"]
[Round "5"]
[White "eurander"]
[Black "Warren"]
[Result "0-1"]
[WhiteElo "2115"]
[BlackElo "2282"]
[Opening "Sicilian: Alapin's variation (2.c3)"]
[ECO "B22"]
[Time "06:04:57"]
[TimeControl "2700+45"]

1. e4 c5 2. c3 Nf6 3. e5 Nd5 4. d4 e6 5. Nf3 cxd4 6. cxd4 b6 7. Bd3 Bb4+ 8. Bd2
Bxd2+ 9. Nfxd2 Ba6 10. Ne4 O-O 11. Nbc3 Bxd3 12. Qxd3 Nxc3 13. bxc3 d5 14. exd6
f5 15. Ng3 Qxd6 16. O-O Nd7 17. f4 Rac8 18. Rf3 Nf6 19. Re1 Nd5 20. Qd2 Rc6 21.
Re5 Rfc8 22. Ne2 b5 23. h3 Kf7 24. g4 g6 25. Qe1 Qe7 26. Rg3 b4 27. gxf5 gxf5
28. cxb4 Qxb4 29. Qf2 Rg8 30. Rxg8 Kxg8 31. Qg2+ Kh8 32. Qg5 Rc8 33. Rxd5 Qe1+
{White resigns} 0-1

[Event "Team 45 45 League T56"]
[Site "Internet Chess Club"]
[Date "2013.03.21"]
[Round "5"]
[White "HomerSimpson"]
[Black "Colombiano07"]
[Result "0-1"]
[WhiteElo "2165"]
[BlackElo "1859"]
[Opening "Polish (Sokolsky) opening"]
[ECO "A00"]
[Time "19:07:43"]
[TimeControl "2700+45"]

1. b4 e5 2. Bb2 Bxb4 3. Bxe5 Nf6 4. Nc3 Ba5 5. Nf3 O-O 6. g3 Nc6 7. Bxf6 Qxf6 8.
Nd5 Qd6 9. c4 b6 10. Bg2 Bb7 11. O-O Nd8 12. Qc2 Ne6 13. e4 c6 14. Ne3 Rfe8 15.
Nf5 Qa3 16. d4 d5 17. e5 Ba6 18. Nd6 dxc4 19. Nxc4 Qc3 20. Rfc1 Bxc4 21. Qxc3
Bxc3 22. Rxc3 Bd5 23. Rd3 Rad8 24. a4 Bxf3 25. Bxf3 Nxd4 26. Rxd4 Rxd4 27. a5 c5
28. axb6 axb6 29. Bc6 Red8 30. Ra6 Rb4 31. Kg2 g6 32. f4 c4 33. Kh3 c3 34. Ra3
Rc4 35. Bb5 Rc5 {White resigns} 0-1

[Event "Team 45 45 League T56"]
[Site "Internet Chess Club"]
[Date "2013.03.24"]
[Round "5"]
[White "PoisonPawn"]
[Black "Justi"]
[Result "1-0"]
[WhiteElo "2189"]
[BlackElo "2020"]
[Opening "Sicilian: Najdorf, Byrne (English) attack"]
[ECO "B90"]
[Time "14:48:02"]
[TimeControl "2700+45"]

1. e4 c5 2. Nf3 d6 3. d4 cxd4 4. Nxd4 Nf6 5. Nc3 a6 6. Be3 e5 7. Nb3 Be7 8. f3
h5 9. a4 Be6 10. Nd5 Nxd5 11. exd5 Bf5 12. Bd3 Bxd3 13. Qxd3 Nd7 14. O-O Bg5 15.
f4 exf4 16. Qe4+ Ne5 17. Bxf4 Bxf4 18. Qxf4 Rc8 19. Qf2 O-O 20. Nd4 Ng4 21. Qd2
Qb6 22. c3 Rfe8 23. Rae1 Qc5 24. Kh1 Qxd5 25. Rf5 Re5 26. Ref1 Rce8 27. h3 Nh6
28. R5f3 Re2 29. Qc1 R2e5 30. Qc2 Re1 31. Kg1 Qe4 32. Qb3 Rxf1+ 33. Rxf1 Qe3+
34. Kh1 Qd3 35. Kg1 Qe3+ 36. Kh1 Qe4 37. Kg1 g5 38. Qb6 g4 39. Qxd6 Qe3+ 40. Kh2
gxh3 41. gxh3 Qd2+ 42. Kh1 Kh7 43. Qf4 Qd3 44. Rg1 Qxh3+ 45. Qh2 Qxh2+ 46. Kxh2
Ng4+ 47. Kg3 Re3+ 48. Kf4 Rh3 49. Rg2 Kg6 50. Nf5 Rh1 51. Ng3 f5 52. Nxh1 {Black
resigns} 1-0

[Event "Team 45 45 League T56"]
[Site "Internet Chess Club"]
[Date "2013.03.21"]
[Round "5"]
[White "searchforbobby1"]
[Black "hariputter"]
[Result "1-0"]
[WhiteElo "2160"]
[BlackElo "2078"]
[Opening "Sicilian: Alapin's variation (2.c3)"]
[ECO "B22"]
[Time "21:04:09"]
[TimeControl "2700+45"]

1. e4 c5 2. c3 d5 3. exd5 Qxd5 4. d4 Nc6 5. Nf3 Bg4 6. Be2 e6 7. c4 Qd7 8. d5
Bxf3 9. Bxf3 Nd4 10. Nc3 O-O-O 11. O-O Nf6 12. dxe6 Qxe6 13. Bd5 Nxd5 14. Nxd5
Bd6 15. Be3 Nf5 16. Re1 Qe5 17. g3 Qxb2 18. Qa4 Nxe3 19. fxe3 a6 20. Rab1 Qe5
21. Rxb7 Kxb7 22. Rb1+ Ka7 23. Rb6 Qxe3+ 24. Nxe3 Kxb6 25. Nd5+ Ka7 26. Qc6 Rhe8
27. Qb6+ Ka8 28. Qxa6+ Kb8 29. Qb6+ Kc8 30. a4 Kd7 31. Qb5+ Ke6 32. a5 Rb8 33.
Nb6 Re7 34. Qc6 Ra7 35. Qe4+ Be5 36. Qd5+ Kf5 37. Nd7 Rb1+ 38. Kg2 f6 39. Qd3+
Ke6 40. Nxc5+ {Black resigns} 1-0